 Dungeon Crawl Stone Soup version 0.19-a0-450-g98b348d (webtiles) character file.

10388 Loading the Basher (level 11, 0/71 HPs)
             Began as a Gargoyle Fighter on June 1, 2016.
             Was a Believer of Hepliaklqana.
             Slain by a blink frog (6 damage)
             ... on level 2 of the Lair of Beasts.
             The game lasted 00:30:57 (12426 turns).

Loading the Basher (Gargoyle Fighter)              Turns: 12426, Time: 00:30:57

Health: 0/71       AC: 26    Str: 21    XL:     11   Next: 61%
Magic:  23/23      EV:  6    Int: 10    God:    Hepliaklqana [**....]
Gold:   490        SH:  0    Dex: 12    Spells: 0 memorised, 10 levels left

rFire  . . .     SeeInvis .     E - +1 dire flail
rCold  . . .     Gourm    .     q - +0 plate armour
rNeg   + . .     Faith    .     (shield currently unavailable)
rPois  ∞         Spirit   .     y - +0 helmet
rElec  +         Dismiss  .     o - +0 cloak
rCorr  .         Reflect  .     j - +0 pair of gloves
SustAt .         Harm     .     (no boots)
MR     +....                    k - amulet of magic regeneration
Stlth  ..........               r - +1 ring of protection
                                A - ring "Yveitem" {MR+ MP+9 Str+2 Stlth+}

@: hasted, very quick, somewhat resistant to hostile enchantments, extremely
unstealthy
A: negative energy resistance 1, electricity resistance, unbreathing,
petrification resistance, rot immunity, AC +7
a: Recall Ancestor, Ancestor Identity, Renounce Religion


You were on level 2 of the Lair of Beasts.
You worshipped Hepliaklqana.
Hepliaklqana was pleased with you.
You were not hungry.

You visited 3 branches of the dungeon, and saw 13 of its levels.
You also visited: Sewer and Ossuary.

You collected 490 gold pieces.

Inventory:

Hand Weapons
 a - a +0 flail
 E - a +1 dire flail (weapon)
Armour
 c - a +0 shield
 j - a +0 pair of gloves (worn)
 o - a +0 cloak (worn)
 q - a +0 plate armour (worn)
 y - a +0 helmet (worn)
 I - a +0 hat of spirit shield
Jewellery
 e - an uncursed ring of protection from cold
 g - an uncursed ring of protection from cold
 i - an uncursed ring of flight
 k - an amulet of magic regeneration (around neck)
 r - a +1 ring of protection (right hand)
 A - the ring "Yveitem" (left hand) {MR+ MP+9 Str+2 Stlth+}
   (You found it on level 5 of the Dungeon)

   [ring of protection from magic]

   It affects your strength (+2).
   It affects your resistance to hostile enchantments.
   It affects your magic capacity (+9).
   It makes you more stealthy.
Wands
 d - a wand of paralysis (1/24)
 u - a wand of digging (10/24)
 L - a wand of flame (22/48)
Scrolls
 b - a scroll of noise {unknown}
 h - 8 scrolls of teleportation
 m - 4 scrolls of recharging
 p - 3 scrolls of fog
 t - 4 scrolls of identify
 D - 3 scrolls of remove curse
 H - a scroll of brand weapon {unknown}
 P - a scroll of enchant armour {unknown}
 Q - a scroll of enchant weapon
Potions
 s - 3 potions of lignification
 w - 2 potions of flight
 z - 5 potions of mutation
 F - a potion of brilliance
 G - 2 potions of berserk rage
 M - a potion of ambrosia
 N - a potion of magic
 O - a potion of cancellation {unknown}
Books
 l - a book of Spatial Translocations

   Spells                             Type                      Level
   a - Apportation                    Translocation                1
   b - Blink                          Translocation                2
   c - Shroud of Golubria             Charms/Translocation         2
   d - Portal Projectile              Translocation                3
   e - Teleport Other                 Translocation                3
   f - Passage of Golubria            Translocation                4
 n - a book of Air

   Spells                             Type                      Level
   a - Shock                          Conjuration/Air              1
   b - Swiftness                      Charms/Air                   2
   c - Repel Missiles                 Charms/Air                   2
   d - Static Discharge               Conjuration/Air              3
   e - Lightning Bolt                 Conjuration/Air              5
 v - a book of the Earth

   Spells                             Type                      Level
   a - Leda's Liquefaction            Hexes/Earth                  4
   b - Bolt of Magma                  Conjuration/Fire/Earth       5
   c - Statue Form                    Transmutation/Earth          6
   d - Iron Shot                      Conjuration/Earth            6
   e - Shatter                        Earth                        9
 C - a book of Alchemy

   Spells                             Type                      Level
   a - Sublimation of Blood           Necromancy                   2
   b - Ignite Poison                  Fire/Transmutation/Poison    3
   c - Petrify                        Transmutation/Earth          4
   d - Alistair's Intoxication        Transmutation/Poison         5
   e - Irradiate                      Conjuration/Transmutation    5
Comestibles
 f - 5 bread rations
 x - a royal jelly
 B - 2 meat rations
 K - 23 fruits


   Skills:
 + Level 9.2 Fighting
 * Level 11.1 Maces & Flails
 + Level 9.2 Armour
 + Level 9.3 Shields
 + Level 4.8 Invocations


You had 10 spell levels left.
You didn't know any spells.

Dungeon Overview and Level Annotations

Branches:
Dungeon (10/15)            Temple (1/1) D:7            Lair (2/8) D:10
    Orc (0/2) D:10

Altars:
Ashenzari
Cheibriados
Dithmenos
Elyvilon
Fedhas
Gozag
Hepliaklqana
Kikubaaqudgha
Makhleb
Nemelex Xobeh
Okawaru
Pakellas
Qazlal
Ru
Sif Muna
Trog
Uskayaw
Vehumet
Xom
Yredelemnul
Zin
The Shining One

Shops:
D:8 =


Innate Abilities, Weirdness & Mutations

You are resistant to torment.
Your stone body is resilient. (AC +7)
You are immune to poison.
You resist negative energy. (rN+)
You are resistant to electric shocks. (rElec)
You can survive without breathing.
You are immune to petrification.
You are immune to rotting.


Message History

The blink frog is moderately wounded.
The blink frog hits you! The blink frog hits you.
* * * LOW HITPOINT WARNING * * *
Spork casts a spell at the blink frog.
The blink frog easily resists.
The blink frog barely misses you.
The blink frog blinks!
The blink frog hits you but does no damage. x2
Spork completely misses the blink frog.
The blink frog hits you but does no damage. x2
The blink frog hits you but does no damage.
Spork hits the blink frog with a dagger of draining.
Spork drains the blink frog!
The blink frog hits you.
* * * LOW HITPOINT WARNING * * *
The blink frog blinks!
Spork points at the blink frog and mumbles some strange words.
The blink frog easily resists.
The blink frog hits you!
* * * LOW HITPOINT WARNING * * *
The blink frog blinks!
You feel yourself speed up. The blink frog hits you.
You die...

#....# .
#..F[# ..
##...##### ...
#..R...#.#.#..
#F...........
#............
#....F.......
#.F.§........
##@F####......
#..## #.....
##.## ..###
#...## .#
#....# ..
##...#####..#
##.........#
#.<.........
##.#.....#.#


You could see 5 blink frogs and the friendly Spork the hexer.

Vanquished Creatures
  Gastronok (D:9)
  A griffon (Lair:2)
  A komodo dragon (Lair:1)
  A troll (D:9)
  A two-headed ogre (D:9)
  Grinder (D:6)
  A blink frog (Lair:1)
  Sigmund (D:6)
  5 yaks (D:9)
  4 hungry ghosts
  Menkaure (D:6)
  Edmund (D:6)
  3 water moccasins
  2 sky beasts
  An ice beast (D:6)
  2 phantoms
  3 ogres
  10 wolves (Lair:1)
  A black bear (D:7)
  2 centaurs
  4 crocodiles
  7 giant frogs
  3 big kobolds
  2 scorpions
  8 killer bees
  8 wights
  A howler monkey (D:4)
  An electric eel (Lair:1)
  A giant frog zombie (D:10)
  4 crimson imps
  A quasit (D:6)
  2 orc priests
  5 hounds
  2 giant frog skeletons (D:7)
  3 iguanas
  A jelly (D:7)
  4 orc wizards
  Ijyb (D:3)
  A centaur skeleton (D:6)
  10 worker ants
  6 ogre zombies (D:10)
  4 mummies (Ossuary)
  11 gnolls
  18 adders
  11 river rats
  A shadow imp (D:5)
  2 oozes (D:1)
  2 adder zombies (D:9)
  5 worms
  3 dart slugs
  8 giant geckos
  25 orcs
  A bat zombie (D:5)
  6 giant cockroaches
  3 hobgoblins
  12 jackals
  17 kobolds
  A quokka (D:7)
  A ball python (D:1)
  6 bats
  7 giant newts
  2 gnoll zombies (Ossuary)
  11 goblins
  2 goblin zombies (D:10)
  5 hobgoblin skeletons (Ossuary)
  A hobgoblin zombie (D:10)
  A jackal skeleton (D:6)
  4 kobold skeletons (Ossuary)
  2 kobold zombies (Ossuary)
  3 orc skeletons
  17 orc zombies
  4 quokka zombies
  11 rats
  2 rat skeletons (Ossuary)
  5 rat zombies
332 creatures vanquished.

Vanquished Creatures (collateral kills)
  2 blink frogs (Lair:1)
  A hill giant zombie (D:10)
  An ice beast (D:8)
  A black bear (D:10)
  A wolf (Lair:1)
  2 giant frogs
  A killer bee (D:9)
  A wight (Lair:1)
  A hound (D:9)
  An ogre zombie (D:10)
  An adder (D:8)
  4 river rats (Lair:1)
  An adder zombie (D:8)
  An adder skeleton (D:9)
  An orc (D:9)
  A jackal (D:10)
  2 gnoll zombies (Ossuary)
  2 goblin skeletons (D:10)
  A goblin zombie (D:10)
  A hobgoblin skeleton (Ossuary)
  A hobgoblin zombie (D:10)
  A kobold (D:9)
  4 orc zombies
33 creatures vanquished.

Vanquished Creatures (others)
  An ancestor (Lair:1)
  A gnoll skeleton (Ossuary)
  A gnoll zombie (Ossuary)
  6 goblin skeletons (Ossuary)
  3 goblin zombies (Ossuary)
  2 hobgoblin skeletons (Ossuary)
  5 kobold zombies (Ossuary)
  An orc skeleton (Ossuary)
  An orc zombie (Ossuary)
  2 rat skeletons (Ossuary)
  A rat zombie (Ossuary)
  A plant (Lair:1)
25 creatures vanquished.

Grand Total: 390 creatures vanquished

Notes
Turn   | Place    | Note
--------------------------------------------------------------
     0 | D:1      | Loading the Gargoyle Fighter began the quest for the Orb.
     0 | D:1      | Reached XP level 1. HP: 14/14 MP: 1/1
   242 | D:1      | Reached XP level 2. HP: 19/19 MP: 2/2
   495 | D:1      | Reached XP level 3. HP: 23/23 MP: 3/3
   690 | D:2      | Reached skill level 3 in Maces & Flails
   883 | D:2      | Found a shadowy altar of Dithmenos.
  1075 | D:2      | Reached XP level 4. HP: 26/29 MP: 4/4
  1781 | D:2      | Reached XP level 5. HP: 22/33 MP: 5/5
  2143 | D:3      | Found a snail-covered altar of Cheibriados.
  2294 | D:3      | Noticed Ijyb
  2299 | D:3      | Reached skill level 4 in Maces & Flails
  2319 | D:3      | Paralysed by Ijyb for 2 turns
  2329 | D:3      | Paralysed by Ijyb for 7 turns
  2339 | D:3      | Killed Ijyb
  2339 | D:3      | Reached XP level 6. HP: 16/38 MP: 6/6
  2606 | D:3      | Found a glowing drain.
  2610 | Sewer    | Entered a sewer
  2760 | Sewer    | Found a white marble altar of Elyvilon.
  3364 | D:3      | Reached XP level 7. HP: 44/44 MP: 7/7
  3461 | D:4      | Reached skill level 5 in Armour
  3484 | D:4      | Reached skill level 5 in Maces & Flails
  3548 | D:4      | Reached skill level 5 in Shields
  3568 | D:4      | Reached skill level 5 in Fighting
  3896 | D:4      | Found a deep blue altar of Sif Muna.
  4371 | D:4      | Found an iron altar of Okawaru.
  4444 | D:5      | Entered Level 5 of the Dungeon
  4533 | D:5      | Found an ancient bone altar of Kikubaaqudgha.
  4661 | D:5      | Got a shimmering amber ring
  4667 | D:5      | Identified the ring "Yveitem" {MR+ MP+9 Str+2 Stlth+} (You found it on level 5 of the Dungeon)
  4765 | D:5      | Reached XP level 8. HP: 38/50 MP: 8/8
  4859 | D:5      | Reached skill level 6 in Maces & Flails
  5638 | D:6      | Found a blossoming altar of Fedhas.
  5667 | D:6      | Noticed Grinder
  5679 | D:6      | Killed Grinder
  5682 | D:6      | Reached skill level 7 in Maces & Flails
  5742 | D:6      | Reached XP level 9. HP: 56/56 MP: 9/9
  5787 | D:6      | Noticed Menkaure
  5812 | D:6      | Killed Menkaure
  6044 | D:6      | Found a shimmering altar of Xom.
  6047 | D:6      | Found a shimmering altar of Xom.
  6054 | D:6      | Found a shimmering altar of Xom.
  6097 | D:6      | Found a shimmering altar of Xom.
  6100 | D:6      | Found a shimmering altar of Xom.
  6349 | D:6      | Reached skill level 8 in Maces & Flails
  6549 | D:6      | Noticed Sigmund
  6575 | D:6      | Killed Sigmund
  6712 | D:6      | Noticed Edmund
  6718 | D:6      | Killed Edmund
  7464 | D:7      | Reached skill level 9 in Maces & Flails
  7464 | D:7      | Reached XP level 10. HP: 63/63 MP: 10/10
  7527 | D:7      | Found a basalt altar of Yredelemnul.
  7649 | D:7      | Found a staircase to the Ecumenical Temple.
  7666 | Temple   | Entered the Ecumenical Temple
  7673 | Temple   | Became a worshipper of Hepliaklqana
  7776 | D:8      | Found a sacrificial altar of Ru.
  7941 | D:8      | Found Caafeseu's Jewellery Shop.
  8058 | D:8      | Found a sand-covered staircase.
  8067 | Ossuary  | Entered an ossuary
  9232 | D:9      | Reached skill level 1 in Invocations
  9254 | D:9      | Noticed Gastronok
  9350 | D:9      | Killed Gastronok
  9350 | D:9      | Reached skill level 10 in Maces & Flails
  9630 | D:9      | Found a shattered altar of Ashenzari.
  9884 | D:9      | Reached XP level 11. HP: 55/69 MP: 13/13
  9922 | D:9      | Reached * piety under Hepliaklqana
 10261 | D:10     | Entered Level 10 of the Dungeon
 10419 | D:10     | Found a staircase to the Lair.
 10489 | D:10     | Found a staircase to the Orcish Mines.
 10905 | Lair:1   | Entered Level 1 of the Lair of Beasts
 11631 | Lair:1   | Reached skill level 11 in Maces & Flails
 12319 | Lair:2   | Reached ** piety under Hepliaklqana
 12319 | Lair:2   | Noticed a griffon
 12320 | Lair:2   | Remembered your ancestor Spork as a hexer
 12329 | Lair:2   | Killed a griffon
 12426 | Lair:2   | Slain by a blink frog

Vault maps used:
D:1:      lemuel_arrival_room
D:2:      grunt_dithmenos_smoke
D:3:      kennysheep_the_goblin_king, kennysheep_slug_shrine,
          gup_sewer_entry_spiral, first_bread, grunt_ministairs_1,
          grunt_decor_arrowhead
D:4:      lemuel_coloured_pillars_altar, led_sif_book
D:5:      lemuel_zombie_altar_kikubaaqudgha, st_stairs_4,
          kennysheep_small_circle
D:6:      xom_redecorated, marbit_many_paths, sigmund_edmund_badplayer,
          uniq_grinder, uniq_menkaure
D:7:      lemuel_doored_altar, lemuel_temple_firewalk
D:8:      nicolae_ru_sacrificial_ziggurat, serial_curves, eino_curves_03,
          eino_curves_03, eino_curves_04, eino_curves_04, enter_ossuary_1,
          serial_shops, nicolae_shop_competitors_out_of_business
D:9:      cheibrodos_ashenzari_chains, blue_anna_alchemist,
          kennysheep_another_room, uniq_gastronok
D:10:     lair_0_dummy, zombieorc2_lemuel, minivault_29
Temple:   minmay_freezing_vapour_temple_12
Lair:1:   serial_bayou_shore_a
Lair:2:   statuecave_lemuel
Sewer:    sewer_kobolds
Ossuary:  ossuary_due_pyramid

Skill      XL: |  1  2  3  4  5  6  7  8  9 10 11 |
---------------+----------------------------------+-----
Maces & Flails | 3 4 5 7 9 10 11 | 11.1
Shields        | 4 5 6 7 8 9 |  9.3
Armour         | 4 5 6 7 8 9 |  9.2
Fighting       | 4 5 6 7 8 9 |  9.2
Invocations    | 3 4 |  4.8

Action                   |  1- 3 |  4- 6 |  7- 9 | 10-12 || total
-------------------------+-------+-------+-------+-------++-------
Melee: Flail             |   104 |   303 |   569 |   790 ||  1766
       Dire flail        |       |       |       |    18 ||    18
Invok: Recall Ancestor   |       |       |       |     1 ||     1
       Ancestor Life: He |       |       |       |     1 ||     1
  Use: Scroll            |     7 |     6 |     5 |     9 ||    27
       Potion            |       |     4 |     2 |     8 ||    14
 Stab: Distracted        |       |       |       |     5 ||     5
  Eat: Chunk             |       |     9 |     9 |    15 ||    33
       Royal jelly       |       |       |     3 |       ||     3
       Pizza             |       |       |     1 |       ||     1
       Beef jerky        |       |       |     1 |       ||     1
       Bread ration      |       |       |       |     4 ||     4
       Fruit             |       |       |       |     1 ||     1
Armor: Scale mail        |    66 |   191 |   358 |    11 ||   626
       Plate armour      |       |       |       |   454 ||   454
Dodge: Dodged            |    36 |   113 |   183 |   159 ||   491
Block: Shield            |    63 |   172 |   310 |   416 ||   961
